 Dungeon Crawl Stone Soup version 0.30-a0-322-g102857c98e (webtiles) character file.

Game seed: 5805723124508780564

1540 freelancePsychic the Chiller (level 8, -13/54 HPs)
             Began as an Octopode Fighter on Oct 27, 2022.
             Was an Initiate of Gozag.
             Killed from afar by Maggie (27 damage)
             ... with a bolt of fire
             ... on level 6 of the Dungeon.
             The game lasted 00:16:19 (6472 turns).

freelancePsychic the Chiller (Octopode Fighter)     Turns: 6472, Time: 00:16:20

Health: -13/54     AC:  1    Str: 12 (15) XL:     8   Next: 86%
Magic:  12/13      EV: 13    Int: 19 (22) God:    Gozag
Gold:   985        SH:  4    Dex:  9 (10) Spells: 5/14 levels left

rFire   . . .      SeeInvis .    b - +4 dagger (drain)
rCold   . . .      Faith    .    a - +0 buckler
rNeg    . . .      Spirit   .    (helmet restricted)
rPois   .          Reflect  .    n - amulet of magic regeneration
rElec   .          Harm     .    k - +6 ring of intelligence
rCorr   .          Rampage  .    y - ring of flight
Will    .....                    (no ring)
Stlth   +++.......               (no ring)
HPRegen 0.29/turn                (no ring)
MPRegen 0.53/turn                (no ring)
                                 (no ring)
                                 (no ring)

@: flying
A: almost no armour, amphibious, 8 rings, camouflage 1, gelatinous body 1,
(nimble swimmer 1), tentacles, clever 1
a: Renounce Religion, Potion Petition, Call Merchant, Bribe Branch


You were on level 6 of the Dungeon.
You worshipped Gozag.
Gozag was pleased with you.
You visited 1 branch of the dungeon, and saw 6 of its levels.
You also visited: Ossuary.

You collected 1020 gold pieces.
You paid 35 gold pieces to Gozag.

Inventory:

Hand Weapons
 b - a +4 dagger of draining (weapon)
 s - a +1 dagger of speed
Armour
 a - a +0 buckler (worn)
Jewellery
 k - a +6 ring of intelligence (left tentacle)
 n - an amulet of magic regeneration (around mantle)
 y - a ring of flight (right tentacle)
Wands
 g - a wand of charming (13)
 w - a wand of light (7)
Scrolls
 d - 2 scrolls of enchant weapon
 e - 2 scrolls of enchant armour
 h - 3 scrolls of vulnerability
 p - a scroll of blinking
Potions
 f - 2 potions of mutation
 i - 4 potions of flight
 j - 2 potions of attraction {unknown}
 l - a potion of magic {unknown}
 o - 3 potions of might
 q - 3 potions of degeneration
 r - 2 potions of brilliance {unknown}
 t - a potion of cancellation {unknown}
 u - a potion of invisibility {unknown}
 v - a potion of ambrosia {unknown}
 x - 4 potions of curing {unknown}
 z - a potion of haste {unknown}
 A - a potion of lignification {unknown}


   Skills:
 + Level 4.4 Fighting
 - Level 3.0 Dodging
 - Level 4.6 Stealth
 - Level 3.0 Shields
 - Level 2.4 Unarmed Combat
 + Level 3.5 Spellcasting
 * Level 4.3 Hexes
 * Level 4.4 Summonings
 - Level 0.5 Necromancy
 - Level 5.1 Ice Magic
 - Level 0.5 Earth Magic


You had 5 spell levels left.
You knew the following spells:

 Your Spells              Type           Power      Damage    Failure   Level
a - Ozocubu's Armour      Ice            22%        N/A       7%          3
b - Frozen Ramparts       Ice            44%        1d7       7%          3
c - Summon Guardian Gole  Hex/Summ       20%        N/A       10%         3

Your spell library contained the following spells:

 Spells                   Type           Power      Damage    Failure   Level
 Freeze                   Ice            88%        1d9       2%          1
 Ensorcelled Hibernation  Hex/Ice        42%        N/A       4%          2
 Hailstorm                Conj/Ice       13%        3d5       21%         3
 Passwall                 Tmut/Erth      3%         N/A       26%         2
 Spider Form              Tmut/Pois      3%         N/A       50%         3
 Swiftness                Air            3%         N/A       50%         3
 Ice Form                 Ice/Tmut       13%        N/A       54%         4
 Anguish                  Hex/Necr       6%         N/A       56%         4
 Borgnjor's Vile Clutch   Necr/Erth      2%         N/A       99%         5
 Death Channel            Necr           2%         N/A       100%        6
 Orb of Destruction       Conj           1%         9d5       100%        7
 Ozocubu's Refrigeration  Ice            11%        4d9       100%        7
 Spellforged Servitor     Conj/Summ      5%         N/A       100%        7
 Animate Dead             Necr           Unusable   N/A       N/A         4
 Simulacrum               Ice/Necr       Unusable   N/A       N/A         6

Dungeon Overview and Level Annotations

Branches:
Dungeon (6/15)             Temple (0/1) D:5         Ossuary (visited)

Altars:
Fedhas
Gozag
Kikubaaqudgha
Nemelex Xobeh
Okawaru
The Shining One

Shops:
D:2 *   D:4 :

Annotations:
D:4 Eustachio
D:5 Grinder
D:6 Maggie


Innate Abilities, Weirdness & Mutations

You cannot wear most types of armour.
You are amphibious.
You can wear up to eight rings at the same time.
Your skin changes colour to match your surroundings (Stealth+).
Your rubbery body absorbs attacks. (AC +1, EV +1)
((You are camouflaged when in or above water. (Stealth+)))
You have tentacles for arms and can constrict up to eight enemies at once.
Your mind is acute. (Int +4, Str/Dex -1)


Message History

Press: ? - help, Shift-Dir - straight line, f - you, p - Maggie That beam is likely to hit you.
Continue anyway?
Okay, then.
You are no longer entranced.
Casting: Summon Guardian Golem (dangerous; 10% risk of failure)
Confirm with . or Enter, or press ? or * to list all spells.
A guardian golem appears, shielding your allies.
You start resting.
Magic restored.
You start resting.
Your guardian golem disappears in a puff of smoke!
Maggie is nearby!
Casting: Summon Guardian Golem (dangerous; 10% risk of failure)
Confirm with . or Enter, or press ? or * to list all spells.
A guardian golem appears, shielding your allies.
Maggie shouts!
Aiming: Bolt of Light
Press: ? - help, Shift-Dir - straight line, f - you
Okay, then.
What are your orders? t - Shout!
Orders for allies: a - Attack new target. r - Retreat! s - Stop attacking. g - Guard the area. f - Follow me.
Anything else - Cancel.
Gang up on whom?
Press: ? - help, Dir - move target, f - Maggie
Aim: Maggie, wielding a +2 halberd of flaming, wearing +0 acid dragon scales and carrying a wand of light (10) (severely wounded, ally target) Attack!
Aiming: Bolt of Light
Press: ? - help, Shift-Dir - straight line, f/p - Maggie
Aim: Maggie, wielding a +2 halberd of flaming, wearing +0 acid dragon scales and carrying a wand of light (10) (severely wounded, ally target, 71% to hit)
Really fire in your guardian golem's direction?
Okay, then.
Maggie points at you and mumbles some strange words.
The bolt of fire hits your guardian golem!
Your guardian golem resists.
The bolt of fire hits you!!
Ouch! That really hurt!
You die...
Your body crumbles into a pile of gold.

#....# #....# #....#
###....# #......#
#...9..# #......#
########## #..@...#
#......@.######......#
########...9.@.......#
##......#######
#...[..# #......#
#......# #......#
.......## #......#


You could see Maggie (ally target) and a friendly guardian golem (summoned).

Vanquished Creatures
  Menkaure (Ossuary)
  An ice beast (D:5)
  A centaur (D:5)
  2 phantoms
  An elf zombie (Ossuary)
  A scorpion (D:4)
  2 vampire bats (D:3)
  2 human zombies (Ossuary)
  5 centaur zombies (Ossuary)
  2 hounds (D:5)
  An iguana (D:4)
  2 orc wizards
  6 mummies (Ossuary)
  Robin (D:3)
  6 adders
  7 gnolls
  2 ufetubi
  2 adder zombies (Ossuary)
  A worm (D:3)
  13 orcs
  4 bats
  2 bat skeletons (D:3)
  3 bat zombies (D:3)
  3 endoplasms
  5 giant cockroaches
  5 hobgoblins
  6 jackals
  8 kobolds
  2 quokkas
  7 ball pythons
  2 frilled lizards
  13 goblins
  5 goblin zombies (Ossuary)
  3 hobgoblin zombies (Ossuary)
  5 kobold zombies (Ossuary)
  2 quokka zombies (Ossuary)
  5 rats
  5 rat zombies (Ossuary)
144 creatures vanquished.

Vanquished Creatures (others)
  An ogre (D:5)
  A gnoll sergeant (D:3)
  2 gnolls (D:3)
  5 plants
9 creatures vanquished.

Grand Total: 153 creatures vanquished

Notes
Turn   | Place    | Note
-------+----------+-------------------------------------------
     0 | D:1      | freelancePsychic the Octopode Fighter began the quest for
                  | the Orb.
     0 | D:1      | Reached XP level 1. HP: 16/16 MP: 1/1
   148 | D:1      | Reached skill level 1 in Stealth
   375 | D:1      | Reached XP level 2. HP: 16/21 MP: 2/2
   990 | D:2      | Reached XP level 3. HP: 23/26 MP: 3/3
  1027 | D:2      | Reached skill level 1 in Ice Magic
  1105 | D:2      | Found a sparkling altar of Nemelex Xobeh.
  1500 | D:2      | Found Wasoafo's General Store.
  1690 | D:2      | Learned a level 3 spell: Frozen Ramparts
  1775 | D:3      | Reached skill level 1 in Spellcasting
  1839 | D:2      | Reached XP level 4. HP: 9/31 MP: 5/5
  1978 | D:3      | Found a glowing golden altar of the Shining One.
  1978 | D:3      | Found an opulent altar of Gozag.
  2032 | D:3      | Became a worshipper of Gozag Ym Sagoz the Greedy
  2061 | D:3      | Reached skill level 2 in Ice Magic
  2266 | D:3      | Reached XP level 5. HP: 33/36 MP: 7/7
  2347 | D:4      | Reached skill level 3 in Ice Magic
  2406 | D:4      | Learned a level 3 spell: Ozocubu's Armour
  2591 | D:4      | Noticed a phantom
  2615 | D:4      | Killed a phantom
  2616 | D:4      | Reached skill level 4 in Ice Magic
  2616 | D:4      | Reached XP level 6. HP: 29/42 MP: 8/8
  2683 | D:4      | Found a blossoming altar of Fedhas.
  3068 | D:3      | Found an ancient bone altar of Kikubaaqudgha.
  3196 | D:3      | Noticed Robin
  3218 | D:3      | Killed Robin
  3762 | D:4      | Noticed Eustachio
  3781 | D:4      | Reached skill level 5 in Ice Magic
  3895 | D:4      | Reached XP level 7. HP: 46/46 MP: 6/9
  4080 | D:4      | Found Tixzy's Tremendous Tomes.
  4434 | D:5      | Entered Level 5 of the Dungeon
  4485 | D:5      | Found a sand-covered staircase.
  4497 | Ossuary  | Entered an ossuary
  4613 | Ossuary  | Reached skill level 1 in Hexes
  4613 | Ossuary  | Reached skill level 1 in Summonings
  5153 | Ossuary  | Learned a level 3 spell: Summon Guardian Golem
  5173 | Ossuary  | Noticed Menkaure
  5186 | Ossuary  | Reached XP level 8. HP: 35/54 MP: 9/11
  5358 | Ossuary  | Killed Menkaure
  5739 | D:5      | Found a staircase to the Ecumenical Temple.
  5793 | D:5      | Noticed Grinder
  5882 | D:5      | Found an iron altar of Okawaru.
  6387 | D:6      | Noticed Maggie
  6417 | D:6      | Gained mutation: Your mind is acute. (Int +4, Str/Dex -1)
                  | [potion of mutation]
  6431 | D:6      | HP: 2/54 [Maggie/bolt of fire (28)]
  6472 | D:6      | Killed from afar by Maggie

Illustrated notes

Levels and vault maps discovered:
D:1:      eino_arrival_cavern_e, layout_basic
D:2:      layout_basic, basic_altar, serial_shops, shop, serial_forest,
          infiniplex_forest_end_2, infiniplex_forest_join,
          infiniplex_forest_end_1, infiniplex_forest_straight_5,
          infiniplex_forest_join, infiniplex_forest_clump_tiny,
          infiniplex_forest_lined_4_way, infiniplex_forest_lined_1,
          kennysheep_generic_room_8
D:3:      layout_loops_ring, kennysheep_vampire_church,
          amethyst_overflow_temple_binary, uniq_robin
D:4:      layout_basic, fedhas_altar_fruit_tree, abandoned_shop,
          hangedman_decor_push, serial_bayou_ford_a,
          nicolae_shop_i_like_big_books, chequers_serial_rivers_micro_d,
          uniq_eustachio
D:5:      layout_loops_ring, mainiacjoe_overflow_alcove_2,
          minmay_temple_entry_enclosed_plants,
          lightli_ossuary_entry_decrepit_ruins, uniq_grinder
D:6:      layout_gridville, worldfamousw_hep_ancestral_shrine,
          serial_co_window_serial, co_window_corner_a,
          co_window_of_opportunity_a, co_window_of_opportunity_a,
          co_window_paths_a, co_window_of_opportunity_a,
          co_window_of_opportunity_b, co_window_2corner, co_window_corner_cb,
          co_window_broadway_b, co_window_broadway_a,
          co_window_of_opportunity_b, co_window_unsneaky_path_a,
          glass_columns_a, uniq_maggie

Skill      XL: |  1  2  3  4  5  6  7  8 |
---------------+-------------------------+-----
Stealth        | 1 3 4 |  4.6
Ice Magic      | 1 2 4 5 |  5.1
Spellcasting   | 1 2 3 |  3.5
Hexes          | 2 4 |  4.3
Summonings     | 2 4 |  4.4
Fighting       | 4 |  4.4
Dodging        | |  3.0
Shields        | |  3.0
Unarmed Combat | |  2.4
Necromancy     | |  0.5
Earth Magic    | |  0.5

Action                   |  1- 3 |  4- 6 |  7- 9 || total
-------------------------+-------+-------+-------++-------
Melee: Unarmed           |   102 |    45 |       ||   147
       Constrict         |    26 |    17 |    20 ||    63
       Tentacles         |    18 |    22 |    49 ||    89
       Punch             |     1 |     2 |     8 ||    11
       Dagger            |       |    51 |   151 ||   202
 Cast: Frozen Ramparts   |       |     6 |     7 ||    13
       Ozocubu's Armour  |       |     1 |    11 ||    12
       Summon Guardian G |       |       |    13 ||    13
Evoke: Wand              |       |       |     1 ||     1
  Use: Scroll            |     5 |     1 |     7 ||    13
       Potion            |       |     2 |     5 ||     7
 Stab: Sleeping          |    11 |     7 |    22 ||    40
       Distracted        |       |     2 |     1 ||     3
Armor: Skin              |     8 |     8 |    30 ||    46
Dodge: Dodged            |    45 |    44 |    83 ||   172
Block: Buckler           |    22 |    12 |    22 ||    56

Table legend: (Time is in decaauts)
 A = Elapsed time spent in this place.
 B = Non-inter-level travel time spent in this place.
 C = Inter-level travel time spent in this place.
 D = Time resting spent in this place.
 E = Time spent auto-exploring this place.
 F = Levels seen in this place.
 G = Mean time per level.
                   A        B        C        D        E       F      G
               +--------+--------+--------+--------+--------+-----+--------+
         Total |   6469 |   6259 |    210 |    369 |   4484 |   7 |  924.1 |
       Dungeon |   5516 |   5306 |    210 |    251 |   3911 |   6 |  919.3 |
       Ossuary |    953 |    953 |      0 |    118 |    573 |   1 |  953.0 |
               +--------+--------+--------+--------+--------+-----+--------+

Top non-repeatable levels by time:
     D:4: 1306 daAuts
     D:3: 1299 daAuts
     D:2: 1122 daAuts
 Ossuary: 953 daAuts
     D:1: 870 daAuts
     D:5: 813 daAuts
     D:6: 104 daAuts
